 Dungeon Crawl Stone Soup version 0.28-a0-984-g3775c662fe (webtiles) character file.

Game seed: 12219887246738955955

4 enile the Firebug (level 1, -1/16 HPs)
             Began as an Octopode Cinder Acolyte on Dec 4, 2021.
             Was a High Priest of Ignis.
             Frozen to death by an endoplasm (4 damage)
             ... on level 1 of the Dungeon.
             The game lasted 00:00:23 (148 turns).

enile the Firebug (Octopode Cinder Acolyte)          Turns: 148, Time: 00:00:23

Health: -1/16      AC:  1    Str: 13    XL:     1   Next: 70%
Magic:  2/2        EV: 12    Int: 16    God:    Ignis [*****.]
Gold:   0          SH:  0    Dex:  7    Spells: 2/2 levels left

rFire   + . .      SeeInvis .   a - -1 spear (flame)
rCold   . . .      Faith    .   (no shield)
rNeg    . . .      Spirit   .   (helmet restricted)
rPois   .          Reflect  .   (no amulet)
rElec   .          Harm     .   (no ring)
rCorr   .          Rampage  .   (no ring)
Will    .....                   (no ring)
Stlth   ++........              (no ring)
HPRegen 0.05/turn               (no ring)
MPRegen 0.08/turn               (no ring)
                                (no ring)
                                (no ring)

@: no status effects
A: almost no armour, amphibious, 8 rings, camouflage 1, gelatinous body 1,
(nimble swimmer 1), tentacles
a: Renounce Religion, Fiery Armour, Foxfire Swarm, Rising Flame


You were on level 1 of the Dungeon.
You worshipped Ignis.
Ignis was extremely pleased with you.
You visited 1 branch of the dungeon, and saw 1 of its levels.

Inventory:

Hand Weapons
 a - a -1 spear of flaming (weapon)


   Skills:
 - Level 3.0 Fighting
 - Level 3.0 Polearms
 + Level 1.2 Dodging
 - Level 1.0 Spellcasting
 - Level 3.0 Fire Magic


You had 2 spell levels left.
You didn't know any spells.
Your spell library contained the following spells:

 Spells                   Type           Power      Damage    Failure   Level
 Scorch                   Fire           20%        2d6       10%         2


Dungeon Overview and Level Annotations

Branches:
Dungeon (1/15)

Altars:


Innate Abilities, Weirdness & Mutations

You cannot wear most types of armour.
You are amphibious.
You can wear up to eight rings at the same time.
Your skin changes colour to match your surroundings (Stealth+).
Your rubbery body absorbs attacks. (AC +1, EV +1)
((You are camouflaged near water. (Stealth+)))
You have tentacles for arms and can constrict up to eight enemies at once.


Message History

Found a Fen Folio.
Found a stone staircase leading down.
You reach to attack!
You hit the dart slug. You burn the dart slug.
The dart slug is moderately wounded.
You reach to attack!
You hit the dart slug. You burn the dart slug.
The dart slug is almost dead.
The dart slug launches a dart at you. The slug dart misses you.
You reach to attack!
You hit the dart slug. You burn the dart slug.
You kill the dart slug!
Your Dodging skill increases to level 1!
No target in view! 2 endoplasms come into view.
The endoplasm quivers. x2
There are monsters nearby!
There are monsters nearby!
You reach to attack!
You hit the endoplasm. You burn the endoplasm.
The endoplasm is heavily wounded.
You hit the endoplasm. You burn the endoplasm.
The endoplasm is almost dead.
The endoplasm hits you.
You barely miss the endoplasm.
The endoplasm is almost dead.
The endoplasm closely misses you. The endoplasm freezes you.
You are frozen.
You hit the endoplasm. You burn the endoplasm.
You kill the endoplasm!
The endoplasm freezes you.
You are frozen.
You hit the endoplasm. You burn the endoplasm.
The endoplasm is almost dead.
The endoplasm freezes you.
You are frozen.
* * * LOW HITPOINT WARNING * * *
You hit the endoplasm but do no damage.
The endoplasm is almost dead.
The endoplasm jiggles.
The endoplasm freezes you.
You are frozen.
You die...

#. . #. ##### # #.
####...#### #.
#####....#..##. #.
##.....##....#..
##.##...########....
#..#.J......##
##.....
#..:..@......#
##...†##
#.##$..†#.#..#
#...#### ##..#....>#
#..##
#..#..#..^##.##
#.#..##.###..# #
#.##.. ## #..## ##
#. #.# ##..####. ..
.# ##.##... #<...##


You could see an endoplasm.

Vanquished Creatures
  A dart slug (D:1)
  An endoplasm (D:1)
  A ball python (D:1)
3 creatures vanquished.

Notes
Turn   | Place    | Note
-------+----------+-------------------------------------------
     0 | D:1      | enile the Octopode Cinder Acolyte began the quest for the
                  | Orb.
     0 | D:1      | Reached XP level 1. HP: 16/16 MP: 2/2
   140 | D:1      | Reached skill level 1 in Dodging
   148 | D:1      | Frozen to death by an endoplasm

Illustrated notes

Levels and vault maps discovered:
D:1:      dpeg_arrival_round_b, layout_loops_ring,
          dilly_ecumenical_altar_fadedgnrine, minmay_domino_2

Skill      XL: |  1 |
---------------+----+-----
Dodging        | 1 |  1.2
Fighting       | |  3.0
Polearms       | |  3.0
Spellcasting   | |  1.0
Fire Magic     | |  3.0

Action                   || total
-------------------------++-------
Melee: Spear             ||    12
       Tentacles         ||     1
Dodge: Dodged            ||     4

Table legend: (Time is in decaauts)
 A = Elapsed time spent in this place.
 B = Non-inter-level travel time spent in this place.
 C = Inter-level travel time spent in this place.
 D = Time resting spent in this place.
 E = Time spent auto-exploring this place.
 F = Levels seen in this place.
 G = Mean time per level.
                   A        B        C        D        E       F      G
               +--------+--------+--------+--------+--------+-----+--------+
         Total |    147 |    147 |      0 |      0 |    126 |   1 |  147.0 |
       Dungeon |    147 |    147 |      0 |      0 |    126 |   1 |  147.0 |
               +--------+--------+--------+--------+--------+-----+--------+

Top non-repeatable levels by time:
     D:1: 147 daAuts
